 Dungeon Crawl Stone Soup version 0.29.1-1-gd02db6906a (webtiles) character file.

Game seed: 10342824158686110026

4111 FollowTheCloud the Thaumaturge (level 10, -3/73 (74) HPs)
             Began as a Gnoll Hedge Wizard on Oct 21, 2022.
             Was an Initiate of Gozag.
             Slain by a wyvern (8 damage)
             ... on level 7 of the Dungeon.
             The game lasted 00:40:34 (14297 turns).

FollowTheCloud the Thaumaturge (GnHW)              Turns: 14297, Time: 00:40:36

HP:   -3/73 (74)    AC:  6    Str: 10    XL:     10   Next: 26%
MP:   16/23         EV: 13    Int: 18    God:    Gozag
Gold: 401           SH: 10    Dex: 11    Spells: 14/27 levels left

rFire   . . .      SeeInvis .   j - +1 dagger (vamp)
rCold   . . .      Faith    .   N - +0 buckler
rNeg    . . .      Spirit   .   G - +0 troll leather armour
rPois   .          Reflect  +   c - +0 hat
rElec   .          Harm     .   (no cloak)
rCorr   .          Rampage  .   A - +0 pair of gloves
Will    .....                   (no boots)
Stlth   +++.......              o - amulet of reflection
HPRegen 1.02/turn               b - ring of wizardry
MPRegen 0.18/turn               (no ring)

@: marked, lightly drained
A: fangs 1, strong nose, distributed training
a: Renounce Religion, Potion Petition, Call Merchant, Bribe Branch


You were on level 7 of the Dungeon.
You worshipped Gozag.
Gozag was aware of your devotion.
You visited 2 branches of the dungeon, and saw 9 of its levels.

You collected 518 gold pieces.
You paid 117 gold pieces to Gozag.

Inventory:

Hand Weapons
 h - a +1 dagger of holy wrath
 j - a +1 vampiric dagger (weapon)
 E - a +5 hand axe
Missiles
 p - 20 poisoned darts (quivered)
 H - a throwing net
Armour
 c - a +0 hat (worn)
 s - a +2 robe of willpower
 A - a +0 pair of gloves (worn)
 G - a +0 troll leather armour (worn)
 N - a +0 buckler (worn)
Jewellery
 a - an amulet of guardian spirit
 b - a ring of wizardry (left hand)
 o - an amulet of reflection (around neck)
 r - an amulet of the acrobat
 u - a ring of resist corrosion
Wands
 D - a wand of charming (1)
 I - a wand of digging (5)
 J - a wand of quicksilver (13)
 P - a wand of iceblast (9)
 R - a wand of flame (14)
Scrolls
 e - 2 scrolls of fear {unknown}
 f - 8 scrolls of identify {unknown}
 g - 2 scrolls of enchant weapon {unknown}
 i - 2 scrolls of amnesia {unknown}
 m - a scroll of immolation {unknown}
 q - 4 scrolls of magic mapping {unknown}
 v - 4 scrolls of teleportation {unknown}
 w - a scroll of silence {unknown}
 y - 2 scrolls of fog {unknown}
 z - a scroll of blinking {unknown}
 B - a scroll of vulnerability {unknown}
 K - a scroll of brand weapon {unknown}
 O - a scroll of enchant armour {unknown}
Potions
 d - a potion of magic
 k - a potion of lignification {unknown}
 l - a potion of berserk rage {unknown}
 n - 2 potions of attraction {unknown}
 t - a potion of flight {unknown}
 x - 2 potions of curing {unknown}
 C - a potion of degeneration {unknown}
 F - 4 potions of might {unknown}
 L - a potion of experience {unknown}
 M - a potion of mutation {unknown}
 Q - a potion of haste {unknown}


   Skills:
 + Level 5.3 Fighting
 + Level 5.3 Short Blades
 + Level 5.3 Long Blades
 + Level 5.3 Axes
 + Level 5.3 Maces & Flails
 + Level 5.3 Polearms
 + Level 5.3 Staves
 + Level 5.3 Ranged Weapons
 + Level 5.3 Throwing
 + Level 5.3 Armour
 + Level 7.1 Dodging
 + Level 6.8 Stealth
 + Level 5.3 Shields
 + Level 5.3 Unarmed Combat
 + Level 9.0 Spellcasting
 + Level 4.9 Conjurations
 + Level 4.4 Hexes
 + Level 4.9 Summonings
 + Level 4.4 Necromancy
 + Level 4.9 Translocations
 + Level 4.4 Transmutations
 + Level 4.4 Fire Magic
 + Level 4.4 Ice Magic
 + Level 4.4 Air Magic
 + Level 4.4 Earth Magic
 + Level 4.4 Poison Magic
 + Level 5.8 Invocations
 + Level 5.3 Evocations


You had 14 spell levels left.
You knew the following spells:

 Your Spells              Type           Power      Damage    Failure   Level
a - Magic Dart            Conj           100%       1d8       1%          1
b - Blink                 Tloc           52%        N/A       1%          2
c - Mephitic Cloud        Conj/Pois/Air  24%        N/A       2%          3
d - Conjure Flame         Conj/Fire      25%        6-21      2%          3
e - Slow                  Hex            92%        N/A       1%          1
f - Confusing Touch       Hex            23%        N/A       3%          3

Your spell library contained the following spells:

 Spells                   Type           Power      Damage    Failure   Level
 Call Imp                 Summ           26%        N/A       1%          2
 Gell's Gravitas          Tloc           26%        N/A       2%          3
 Teleport Other           Tloc           26%        N/A       2%          3
 Vampiric Draining        Necr           23%        2d7       3%          3
 Dispel Undead            Necr           23%        3d12      10%         4
 Dispersal                Tloc           13%        N/A       71%         6
 Death Channel            Necr           11%        N/A       80%         6
 Corpse Rot               Necr/Pois/Air  Unusable   N/A       N/A         4

Dungeon Overview and Level Annotations

Branches:
Dungeon (8/15)             Temple (1/1) D:7            Lair (0/5) D:8

Altars:
Ashenzari
Cheibriados
Dithmenos
Elyvilon
Fedhas
Gozag
Hepliaklqana
Kikubaaqudgha
Makhleb
Nemelex Xobeh
Okawaru
Qazlal
Ru
Sif Muna
Trog
Uskayaw
Vehumet
Wu Jian
Xom
Yredelemnul
Zin
The Shining One

Shops:
D:7 [==[*

Annotations:
D:3 2 transporters, Poofo's ghost, amateur MiFi


Innate Abilities, Weirdness & Mutations

You have very sharp teeth.
Your uncanny sense of smell can sniff out nearby items.
Your experience applies equally to all skills.


Message History

The wyvern bites you but does no damage.
You hit the orc but do no damage.
The orc appears confused.
You bite the orc, but do no damage. The wyvern barely misses you.
You barely miss the orc. The wyvern closely misses you.
You hit the orc.
The orc is almost dead.
The orc hits you with a +0 flail. The wyvern barely misses you.
You hit the orc.
You feel better.
You kill the orc!
The wyvern bites you!
Casting: Confusing Touch (dangerous; 3% risk of failure)
Confirm with . or Enter, or press ? or * to list all spells.
Your hands begin to glow red.
You block the wyvern's attack. The wyvern bites you.
Things that are here:
4 gold pieces; a +0 flail The wyvern attacks as you move away!
You block the wyvern's attack. The wyvern closely misses you.
The wyvern misses you. You block the wyvern's attack.
The wyvern attacks as you move away!
The wyvern bites you but does no damage.
There is a stone staircase leading up here.
The wyvern bites you. The wyvern bites you!
You climb upwards.
There is a stone staircase leading down here.
Unknown command.
You barely miss the wyvern. Your bite misses the wyvern.
Your hands stop glowing.
The wyvern bites you!
* * * LOW HITPOINT WARNING * * *
You barely miss the wyvern. The wyvern barely misses you.
You hit the wyvern but do no damage. The wyvern completely misses you.
You hit the wyvern.
The wyvern is lightly wounded.
The wyvern bites you!
* * * LOW HITPOINT WARNING * * *
The wyvern bites you!
You die...
Your body crumbles into a pile of gold.

.#############.).....############
.# #.......# #....... .#
#.......# #....... .# #.......#
#....... .# #.......# #....... .#
#...⌠.⌠.# #....... .# ##....∩..#
##...##. ## #....⌠.⌠## ######<
#...@..## #.. #....l.# #..
#......# #.. #......# #..
#......# #.. #......# #..
#......# #.. #......# ###
########


You could see a wyvern.

Vanquished Creatures
  A troll (D:5)
  2 steam dragons (D:8)
  5 water moccasins
  A sky beast (D:7)
  3 black bears
  4 ice beasts
  3 centaurs
  3 ogres
  A phantom (D:3)
  A bullfrog (D:7)
  5 necrophages
  7 scorpions
  11 wights
  A hound (D:5)
  3 jellies (D:5)
  4 iguanas
  4 gnolls (D:7)
  7 adders
  2 worms
  4 dart slugs
  12 orcs
  8 endoplasms
  A giant cockroach (D:1)
  8 goblins
  10 hobgoblins
  5 quokkas
  8 ball pythons
  12 bats
  4 frilled lizards
  10 kobolds
  8 rats
158 creatures vanquished.

Vanquished Creatures (others)
  A water moccasin (D:5)
1 creature vanquished.

Grand Total: 159 creatures vanquished

Notes
Turn   | Place    | Note
-------+----------+-------------------------------------------
     0 | D:1      | FollowTheCloud the Gnoll Hedge Wizard began the quest for
                  | the Orb.
     0 | D:1      | Reached XP level 1. HP: 13/13 MP: 8/8
   221 | D:1      | Reached XP level 2. HP: 19/19 MP: 8/10
   603 | D:1      | Reached XP level 3. HP: 25/25 MP: 4/11
  1114 | D:2      | Reached skill level 1 in Invocations
  1153 | D:2      | Learned a level 2 spell: Blink
  1250 | D:2      | Reached skill level 1 in Fighting
  1250 | D:2      | Reached skill level 1 in Short Blades
  1250 | D:2      | Reached skill level 1 in Long Blades
  1250 | D:2      | Reached skill level 1 in Axes
  1250 | D:2      | Reached skill level 1 in Maces & Flails
  1250 | D:2      | Reached skill level 1 in Polearms
  1250 | D:2      | Reached skill level 1 in Staves
  1250 | D:2      | Reached skill level 1 in Ranged Weapons
  1250 | D:2      | Reached skill level 1 in Throwing
  1250 | D:2      | Reached skill level 1 in Armour
  1250 | D:2      | Reached skill level 1 in Shields
  1250 | D:2      | Reached skill level 1 in Unarmed Combat
  1250 | D:2      | Reached skill level 1 in Evocations
  1337 | D:2      | Reached XP level 4. HP: 32/32 MP: 5/13
  1834 | D:2      | Found a faded altar of an unknown god.
  1955 | D:3      | Noticed a water moccasin
  1973 | D:2      | Learned a level 3 spell: Mephitic Cloud
  2022 | D:3      | Noticed Poofo's ghost (amateur MiFi)
  2022 | D:3      | Noticed an ogre
  2023 | D:3      | Found a transporter.
  2024 | D:3      | Noticed an ogre
  2025 | D:3      | Identified the +5 great mace of Wefaf {antimagic, +Blink
                  | rElec Stlth+}
  2025 | D:3      | Noticed an ogre
  2027 | D:3      | Found a transporter.
  2053 | D:3      | Killed a water moccasin
  2054 | D:3      | Reached skill level 1 in Hexes
  2054 | D:3      | Reached skill level 1 in Necromancy
  2054 | D:3      | Reached skill level 1 in Transmutations
  2054 | D:3      | Reached skill level 1 in Fire Magic
  2054 | D:3      | Reached skill level 1 in Ice Magic
  2054 | D:3      | Reached skill level 1 in Air Magic
  2054 | D:3      | Reached skill level 1 in Earth Magic
  2054 | D:3      | Reached skill level 1 in Poison Magic
  2054 | D:3      | Reached XP level 5. HP: 16/37 MP: 1/14
  2339 | D:3      | Found a snail-covered altar of Cheibriados.
  2339 | D:3      | Found a shimmering blue altar of Sif Muna.
  2342 | D:3      | Found a broken altar of Ashenzari.
  2462 | D:3      | Found a blossoming altar of Fedhas.
  2566 | D:3      | Found a white marble altar of Elyvilon.
  3026 | D:3      | Found a radiant altar of Vehumet.
  3209 | D:4      | Noticed a black bear
  3240 | D:4      | Noticed an ogre
  3551 | D:3      | Killed an ogre
  3552 | D:3      | Reached skill level 5 in Dodging
  3552 | D:3      | Reached XP level 6. HP: 44/44 MP: 10/16
  3951 | D:4      | Noticed an ice beast
  4193 | D:4      | Killed a black bear
  4718 | D:3      | Reached XP level 7. HP: 44/51 MP: 4/18
  5343 | D:5      | Entered Level 5 of the Dungeon
  5384 | D:4      | Reached skill level 5 in Stealth
  5655 | D:5      | Learned a level 3 spell: Conjure Flame
  5705 | D:5      | Reached XP level 8. HP: 57/58 MP: 7/19
  6464 | D:5      | Reached skill level 8 in Spellcasting
  7944 | D:5      | Noticed a troll
  8761 | D:3      | Found a sacrificial altar of Ru.
  8985 | D:4      | Reached XP level 9. HP: 59/61 MP: 10/21
  9697 | D:5      | Killed a troll
  9720 | D:5      | Learned a level 1 spell: Slow
 10875 | D:6      | Learned a level 3 spell: Confusing Touch
 10929 | D:6      | You fall into a shaft and drop 2 floors!
 10951 | D:8      | Reached skill level 5 in Invocations
 11105 | D:7      | Found Nuopnatz's Jewellery Shoppe.
 11282 | D:7      | Identified the +3 leather armour of the Journeyman {Harm
                  | Rampage Str+6}
 11450 | D:6      | Found a hide-covered altar of Uskayaw.
 12089 | D:6      | Found a basalt altar of Yredelemnul.
 12479 | D:7      | Found Zogryes's Armour Boutique.
 12526 | D:7      | Reached skill level 5 in Fighting
 12526 | D:7      | Reached skill level 5 in Short Blades
 12526 | D:7      | Reached skill level 5 in Long Blades
 12526 | D:7      | Reached skill level 5 in Axes
 12526 | D:7      | Reached skill level 5 in Maces & Flails
 12526 | D:7      | Reached skill level 5 in Polearms
 12526 | D:7      | Reached skill level 5 in Staves
 12526 | D:7      | Reached skill level 5 in Ranged Weapons
 12526 | D:7      | Reached skill level 5 in Throwing
 12526 | D:7      | Reached skill level 5 in Armour
 12526 | D:7      | Reached skill level 5 in Shields
 12526 | D:7      | Reached skill level 5 in Unarmed Combat
 12526 | D:7      | Reached skill level 5 in Evocations
 12526 | D:7      | Reached XP level 10. HP: 60/71 MP: 18/22
 12633 | D:7      | Found a staircase to the Ecumenical Temple.
 12660 | Temple   | Entered the Ecumenical Temple
 12871 | Temple   | Became a worshipper of Gozag Ym Sagoz the Greedy
 12916 | D:7      | Found Istaw's Antique Armour Emporium.
 13114 | D:7      | Found Basytsav's Assorted Antiques.
 13279 | D:7      | Found Iwiskay's Jewellery Boutique.
 13546 | D:7      | Reached skill level 9 in Spellcasting
 14196 | D:8      | Found a staircase to the Lair.
 14297 | D:7      | Slain by a wyvern

Illustrated notes

Levels and vault maps discovered:
D:1:      dpeg_cavernosity, layout_rooms, hex_medium
D:2:      layout_rooms, shapermc_ecumenical_altar_hornbeckon
D:3:      layout_basic, general_overflow_altar, nicolae_overflow_hidden_temple,
          nicolae_vehumet_altar_sigil, gammafunk_ghost_smash
D:4:      layout_rooms, serial_rivers, chequers_serial_rivers_micro_d,
          chequers_serial_rivers_micro_c, chequers_serial_rivers_micro_e,
          chequers_serial_rivers_marsh, chequers_serial_rivers_micro_c,
          minivault_27
D:5:      layout_basic, minmay_divided_ellipse
D:6:      layout_basic, mainiacjoe_overflow_small_starburst,
          mainiacjoe_overflow_alcove_2, chequers_serial_rivers_small_a,
          dk_rats_in_the_wall
D:7:      layout_gridville, minmay_temple_entry_overgrown, serial_shops,
          nicolae_square_shop, nicolae_shop_waterfront, shop_fountains, shop,
          shop, roderic_batcave
D:8:      layout_loops_ring, lair_entry_dummy, serial_shops, shop
Temple:   nicolae_temple_bog_church

Skill      XL: |  1  2  3  4  5  6  7  8  9 10 |
---------------+-------------------------------+-----
Conjurations   | 2 3 4 |  4.9
Summonings     | 2 3 4 |  4.9
Translocations | 2 3 4 |  4.9
Invocations    | 1 2 3 4 5 |  5.8
Fighting       | 1 2 3 5 |  5.3
Short Blades   | 1 2 3 5 |  5.3
Long Blades    | 1 2 3 5 |  5.3
Axes           | 1 2 3 5 |  5.3
Maces & Flails | 1 2 3 5 |  5.3
Polearms       | 1 2 3 5 |  5.3
Staves         | 1 2 3 5 |  5.3
Ranged Weapons | 1 2 3 5 |  5.3
Throwing       | 1 2 3 5 |  5.3
Armour         | 1 2 3 5 |  5.3
Shields        | 1 2 3 5 |  5.3
Unarmed Combat | 1 2 3 5 |  5.3
Evocations     | 1 2 3 5 |  5.3
Hexes          | 1 2 3 4 |  4.4
Necromancy     | 1 2 3 4 |  4.4
Transmutations | 1 2 3 4 |  4.4
Fire Magic     | 1 2 3 4 |  4.4
Ice Magic      | 1 2 3 4 |  4.4
Air Magic      | 1 2 3 4 |  4.4
Earth Magic    | 1 2 3 4 |  4.4
Poison Magic   | 1 2 3 4 |  4.4
Dodging        | 5 6 7 |  7.1
Stealth        | 5 6 |  6.8
Spellcasting   | 8 9 |  9.0

Action                   |  1- 3 |  4- 6 |  7- 9 | 10-12 || total
-------------------------+-------+-------+-------+-------++-------
Melee: Dagger            |    30 |   138 |   138 |   142 ||   448
       Bite              |     1 |    16 |    21 |    17 ||    55
       Punch             |       |     6 |     4 |       ||    10
Throw: Dart              |       |     5 |       |       ||     5
 Cast: Magic Dart        |    71 |   126 |   382 |    50 ||   629
       Blink             |       |     7 |    45 |     3 ||    55
       Mephitic Cloud    |       |     7 |    17 |     2 ||    26
       Conjure Flame     |       |       |    44 |       ||    44
       Confusing Touch   |       |       |     5 |     8 ||    13
       Slow              |       |       |     1 |     1 ||     2
Evoke: Wand              |       |       |     4 |       ||     4
 Stab: Sleeping          |     5 |       |     2 |     2 ||     9
       Confused          |       |     3 |    12 |     6 ||    21
       Distracted        |       |       |     2 |     1 ||     3
Armor: Robe              |     3 |    24 |    38 |       ||    65
       Troll leather arm |       |       |    14 |    28 ||    42
Dodge: Dodged            |    21 |    77 |   147 |    75 ||   320
Block: Other             |       |    37 |    52 |       ||    89
       Buckler           |       |       |     9 |    79 ||    88
       Reflection        |       |       |     2 |     2 ||     4
